2924 views
Uploaded 2020-02-16 16:17:56
Game version 1.32 / 1.32.1
23:39 long 3on3 ladder game on (8)Mur'gulOasis_LV
Saved by BEARAND
2924 views
Uploaded 2020-02-16 16:17:56
Game version 1.32 / 1.32.1
23:39 long 3on3 ladder game on (8)Mur'gulOasis_LV


114 units @ 17.6k
/ 3.1k
47 buildings @ 8.5k
/ 3.8k



| Healing Salve | 2 | 200 |
| Lesser Clarity Potion | 3 | 210 |
| total: | 5 | 410g |
| Peon | 7 | 525 | / | 0 |
| Grunt | 4 | 800 | / | 0 |
| Demolisher | 9 | 1980 | / | 450 |
| Shaman | 7 | 910 | / | 140 |
| Raider | 2 | 360 | / | 80 |
| Kodo Beast | 2 | 510 | / | 120 |
| Troll Headhunter | 1 | 140 | / | 20 |
| Troll Berserker | 7 | 980 | / | 140 |
| total: | 39 | 6205g | / | 950w |
| Altar of Storms | 1 | 180 | / | 50 |
| Orc Burrow | 6 | 960 | / | 240 |
| Barracks | 1 | 180 | / | 50 |
| Voodoo Lounge | 1 | 130 | / | 30 |
| War Mill | 1 | 205 | / | 0 |
| Great Hall | 1 | 385 | / | 185 |
| Beastiary | 1 | 145 | / | 140 |
| Spirit Lodge | 1 | 150 | / | 150 |
| Stronghold | 1 | 315 | / | 190 |
| Fortress | 1 | 325 | / | 190 |
| total: | 13 | 2335g | / | 845w |
| 0:02 | Peon |
| 0:02 | Peon |
| 0:08 | Altar of Storms |
| 0:16 | Orc Burrow |
| 0:19 | Peon |
| 0:35 | Barracks |
| 0:42 | Peon |
| 0:53 | Peon |
| 1:11 | Peon |
| 1:24 | Orc Burrow |
| 1:36 | Grunt |
| 1:43 | Peon |
| 2:05 | Grunt |
| 2:09 | Feral Spirit |
| 2:21 | Voodoo Lounge |
| 3:22 | Stronghold |
| 3:23 | Grunt |
| 3:25 | Chain Lighting |
| 4:22 | Healing Salve |
| 4:30 | Lesser Clarity Potion |
| 4:46 | Grunt |
| 4:48 | Orc Burrow |
| 4:52 | War Mill |
| 5:57 | Summon Lava Spawn |
| 6:19 | Demolisher |
| 6:19 | Demolisher |
| 6:25 | Beastiary |
| 6:29 | Spirit Lodge |
| 7:07 | Orc Burrow |
| 7:39 | Orc Burrow |
| 7:44 | Fortress |
| 8:22 | Orc Burrow |
| 8:23 | Shaman Adept Training |
| 8:24 | Shaman |
| 8:26 | Ensnare |
| 8:26 | Raider |
| 8:46 | Demolisher |
| 8:59 | Soul Burn |
| 9:08 | Demolisher |
| 9:13 | Feral Spirit |
| 9:51 | Demolisher |
| 10:13 | Great Hall |
| 10:45 | Shaman Master Training |
| 10:45 | Shaman |
| 10:48 | Kodo Beast |
| 10:49 | War Drums Damage Increase |
| 11:13 | Summon Lava Spawn |
| 12:58 | Burning Oil |
| 12:58 | Demolisher |
| 12:59 | Raider |
| 13:02 | Shaman |
| 14:03 | Shaman |
| 14:03 | Shaman |
| 14:21 | Demolisher |
| 14:50 | Healing Salve |
| 14:50 | Lesser Clarity Potion |
| 15:05 | Kodo Beast |
| 15:12 | Berserker Upgrade |
| 15:20 | Troll Headhunter |
| 15:58 | Lesser Clarity Potion |
| 16:18 | Demolisher |
| 16:20 | Troll Berserker |
| 16:20 | Troll Berserker |
| 16:33 | Chain Lighting |
| 16:52 | Troll Berserker |
| 16:52 | Troll Berserker |
| 17:12 | Endurance Aura |
| 17:29 | Troll Berserker |
| 17:35 | Steel Ranged Weapons |
| 18:51 | Troll Berserker |
| 18:51 | Troll Berserker |
| 18:52 | Shaman |
| 18:53 | Shaman |
| 19:24 | Demolisher |
| Right click | 754 |
| Select group | 510 |
| Select | 222 |
| Build/train/purchase | 97 |
| Assign group | 35 |
| Use ability | 22 |
| Minimap ping | 21 |
| Chat | 16 |
| Item give/drop | 2 |
| Misc. action | 1 |
| Remove unit | 1 |


| Wisp | 15 | 900 | / | 0 |
| Archer | 3 | 390 | / | 30 |
| Huntress | 4 | 780 | / | 80 |
| Druid of the Claw | 5 | 1275 | / | 400 |
| Chimaera | 4 | 1320 | / | 280 |
| total: | 31 | 4665g | / | 790w |
| Ancient Protector | 1 | 135 | / | 80 |
| Altar of Elders | 1 | 180 | / | 50 |
| Moon Well | 8 | 1440 | / | 320 |
| Ancient of War | 1 | 150 | / | 60 |
| Hunter's Hall | 1 | 210 | / | 100 |
| Ancient of Wonders | 1 | 90 | / | 30 |
| Tree of Life | 2 | 680 | / | 370 |
| Ancient of Lore | 2 | 310 | / | 290 |
| Chimaera Roost | 2 | 280 | / | 380 |
| Tree of Ages | 1 | 320 | / | 180 |
| Tree of Eternity | 1 | 330 | / | 200 |
| total: | 19 | 3475g | / | 1680w |
| 0:04 | Wisp |
| 0:04 | Wisp |
| 0:05 | Wisp |
| 0:05 | Wisp |
| 0:15 | Altar of Elders |
| 0:31 | Moon Well |
| 1:00 | Ancient of War |
| 1:03 | Wisp |
| 1:28 | Moon Well |
| 1:51 | Wisp |
| 1:51 | Wisp |
| 2:03 | Archer |
| 2:03 | Archer |
| 2:41 | Hunter's Hall |
| 2:50 | Archer |
| 2:55 | Force of Nature |
| 3:21 | Wisp |
| 3:51 | Tree of Ages |
| 3:58 | Ancient Protector |
| 4:23 | Entangling Roots |
| 4:37 | Huntress |
| 4:37 | Huntress |
| 6:01 | Ancient of Wonders |
| 6:09 | Moon Well |
| 6:21 | Tree of Eternity |
| 6:28 | Moon Glaive |
| 6:28 | Huntress |
| 6:29 | Huntress |
| 7:48 | Ancient of Lore |
| 7:56 | Ancient of Lore |
| 9:10 | Druid of the Claw Adept Training |
| 9:12 | Druid of the Claw |
| 9:12 | Druid of the Claw |
| 9:24 | Moon Well |
| 9:40 | Force of Nature |
| 10:31 | Druid of the Claw |
| 10:43 | Moon Well |
| 10:59 | Evasion |
| 11:25 | Wisp |
| 11:25 | Wisp |
| 11:25 | Wisp |
| 11:51 | Moon Well |
| 12:06 | Moon Well |
| 12:15 | Druid of the Claw Master Training |
| 13:18 | Chimaera Roost |
| 13:30 | Wisp |
| 13:30 | Wisp |
| 14:49 | Druid of the Claw |
| 15:05 | Moon Well |
| 15:23 | Thorns Aura |
| 16:02 | Corrosive Breath |
| 16:04 | Chimaera |
| 16:04 | Chimaera |
| 16:06 | Wisp |
| 16:06 | Wisp |
| 16:31 | Druid of the Claw |
| 17:48 | Tree of Life |
| 18:02 | Strength of the Wild |
| 20:06 | Improved Strength of the Wild |
| 20:34 | Chimaera |
| 20:34 | Chimaera |
| 21:20 | Chimaera Roost |
| 22:00 | Tree of Life |
| 23:10 | Immolation |
| Right click | 580 |
| Select | 287 |
| Build/train/purchase | 51 |
| Select group | 46 |
| Use ability | 18 |
| Assign group | 10 |
| Resource trade | 5 |
| Minimap ping | 4 |
| Remove unit | 2 |

| Potion of Lesser Invulnerability | 1 | 150 |
| total: | 1 | 150g |
| Wisp | 16 | 960 | / | 0 |
| Archer | 5 | 650 | / | 50 |
| Huntress | 7 | 1365 | / | 140 |
| Druid of the Claw | 13 | 3315 | / | 1040 |
| Dryad | 3 | 435 | / | 180 |
| total: | 44 | 6725g | / | 1410w |
| Ancient Protector | 1 | 135 | / | 80 |
| Altar of Elders | 1 | 180 | / | 50 |
| Moon Well | 6 | 1080 | / | 240 |
| Ancient of War | 1 | 150 | / | 60 |
| Hunter's Hall | 1 | 210 | / | 100 |
| Tree of Life | 1 | 340 | / | 185 |
| Ancient of Lore | 3 | 465 | / | 435 |
| Ancient of Wind | 1 | 150 | / | 140 |
| Tree of Ages | 1 | 320 | / | 180 |
| Tree of Eternity | 1 | 330 | / | 200 |
| total: | 15 | 2710g | / | 1290w |
| 0:09 | Altar of Elders |
| 0:11 | Moon Well |
| 0:13 | Wisp |
| 0:13 | Wisp |
| 0:13 | Wisp |
| 0:41 | Ancient of War |
| 0:48 | Wisp |
| 0:59 | Wisp |
| 1:44 | Archer |
| 1:44 | Archer |
| 1:46 | Archer |
| 2:17 | Hunter's Hall |
| 2:32 | Force of Nature |
| 2:41 | Archer |
| 2:52 | Moon Well |
| 3:29 | Ancient Protector |
| 3:51 | Archer |
| 4:06 | Huntress |
| 4:14 | Wisp |
| 4:14 | Wisp |
| 4:15 | Wisp |
| 4:15 | Wisp |
| 4:16 | Wisp |
| 4:59 | Huntress |
| 5:00 | Huntress |
| 5:07 | Moon Well |
| 5:31 | Huntress |
| 6:10 | Huntress |
| 6:13 | Tree of Ages |
| 6:24 | Strength of the Wild |
| 7:18 | Huntress |
| 7:18 | Huntress |
| 8:43 | Wisp |
| 8:43 | Wisp |
| 9:04 | Ancient of Lore |
| 9:07 | Reinforced Hides |
| 9:17 | Ancient of Lore |
| 9:19 | Wisp |
| 9:19 | Wisp |
| 9:46 | Thorns Aura |
| 10:03 | Ancient of Lore |
| 10:09 | Ancient of Wind |
| 10:11 | Wisp |
| 10:12 | Wisp |
| 10:16 | Improved Strength of the Wild |
| 10:16 | Improved Reinforced Hides |
| 10:41 | Moon Well |
| 10:45 | Moon Well |
| 10:56 | Force of Nature |
| 11:07 | Druid of the Claw |
| 11:08 | Druid of the Claw Adept Training |
| 12:54 | Druid of the Claw |
| 12:54 | Druid of the Claw |
| 12:56 | Druid of the Claw |
| 12:59 | Tree of Eternity |
| 13:13 | Druid of the Claw |
| 13:34 | Druid of the Claw |
| 13:38 | Druid of the Claw |
| 13:41 | Druid of the Claw |
| 14:11 | Druid of the Claw |
| 14:28 | Druid of the Claw |
| 15:06 | Dryad |
| 15:10 | Dryad |
| 15:12 | Dryad |
| 15:33 | Druid of the Claw Master Training |
| 15:44 | Abolish Magic |
| 16:13 | Advanced Strength of the Wild |
| 17:04 | Mark of the Claw |
| 17:06 | Druid of the Claw |
| 17:15 | Moon Well |
| 18:33 | Druid of the Claw |
| 18:34 | Druid of the Claw |
| 19:17 | Tree of Life |
| 20:03 | Potion of Lesser Invulnerability |
| Right click | 365 |
| Select | 272 |
| Build/train/purchase | 68 |
| Misc. action | 25 |
| Use ability | 10 |
| Remove unit | 3 |
| Esc | 1 |
80 units @ 5.1k
/ 0k
213 buildings @ 16.1k
/ 6.7k



| Orb of Venom | 1 | 325 |
| Boots of Speed | 3 | 750 |
| Staff of Teleportation | 2 | 300 |
| Staff of Sanctuary | 3 | 750 |
| total: | 9 | 2125g |
| Wisp | 27 | 1620 | / | 0 |
| total: | 27 | 1620g | / | 0w |
| Altar of Elders | 1 | 180 | / | 50 |
| Moon Well | 12 | 2160 | / | 480 |
| Ancient of War | 4 | 600 | / | 240 |
| Tree of Life | 2 | 680 | / | 370 |
| Hunter's Hall | 1 | 210 | / | 100 |
| Tree of Ages | 1 | 320 | / | 180 |
| Tree of Eternity | 1 | 330 | / | 200 |
| total: | 20 | 3830g | / | 1240w |
| 0:01 | Wisp |
| 0:06 | Altar of Elders |
| 0:15 | Wisp |
| 0:16 | Moon Well |
| 0:25 | Wisp |
| 0:35 | Wisp |
| 0:50 | Wisp |
| 0:58 | Wisp |
| 1:18 | Wisp |
| 1:23 | Moon Well |
| 1:30 | Wisp |
| 1:36 | Wisp |
| 1:53 | Wisp |
| 2:11 | Wisp |
| 2:25 | Wisp |
| 2:32 | Ancient of War |
| 2:34 | Wisp |
| 2:43 | Force of Nature |
| 2:52 | Wisp |
| 3:39 | Wisp |
| 3:39 | Wisp |
| 3:53 | Tree of Ages |
| 4:01 | Entangling Roots |
| 4:11 | Ancient of War |
| 5:23 | Ancient of War |
| 6:00 | Ancient of War |
| 6:55 | Nature's Blessing |
| 7:25 | Moon Well |
| 7:26 | Moon Well |
| 7:27 | Moon Well |
| 7:28 | Moon Well |
| 7:49 | Soul Burn |
| 9:27 | Entangling Roots |
| 9:55 | Tree of Eternity |
| 10:05 | Incinerate |
| 10:51 | Tree of Life |
| 10:57 | Tree of Life |
| 13:00 | Staff of Sanctuary |
| 13:13 | Wisp |
| 13:13 | Wisp |
| 13:13 | Wisp |
| 13:13 | Wisp |
| 13:14 | Wisp |
| 13:35 | Soul Burn |
| 13:36 | Force of Nature |
| 13:52 | Frost Arrows |
| 14:54 | Hunter's Hall |
| 15:00 | Moon Well |
| 15:00 | Moon Well |
| 15:02 | Moon Well |
| 15:09 | Boots of Speed |
| 15:11 | Boots of Speed |
| 15:27 | Wisp |
| 15:27 | Wisp |
| 15:28 | Wisp |
| 16:20 | Staff of Sanctuary |
| 16:26 | Orb of Venom |
| 16:49 | Moon Well |
| 16:50 | Moon Well |
| 16:51 | Moon Well |
| 17:08 | Staff of Teleportation |
| 17:13 | Boots of Speed |
| 17:40 | Wisp |
| 17:42 | Wisp |
| 17:51 | Wisp |
| 18:17 | Staff of Teleportation |
| 18:21 | Forked Lightning |
| 18:44 | Staff of Sanctuary |
| 19:14 | Well Spring |
| 20:06 | Incinerate |
| 21:28 | Frost Arrows |
| 21:40 | Entangling Roots |
| Right click | 1300 |
| Select | 867 |
| Select group | 477 |
| Resource trade | 89 |
| Build/train/purchase | 66 |
| Use ability | 63 |
| Assign group | 47 |
| Chat | 38 |
| Misc. action | 22 |
| Minimap ping | 15 |
| Item give/drop | 7 |
| Remove unit | 1 |



| Lesser Clarity Potion | 2 | 140 |
| Orb of Venom | 1 | 325 |
| Boots of Speed | 3 | 750 |
| Staff of Teleportation | 2 | 300 |
| Circlet of Nobility | 1 | 175 |
| Scroll of Regeneration | 4 | 400 |
| Staff of Sanctuary | 3 | 750 |
| total: | 16 | 2840g |
| Wisp | 40 | 2400 | / | 0 |
| total: | 40 | 2400g | / | 0w |
| Altar of Elders | 1 | 180 | / | 50 |
| Moon Well | 21 | 3780 | / | 840 |
| Tree of Life | 4 | 1360 | / | 740 |
| Hunter's Hall | 1 | 210 | / | 100 |
| Ancient of Wonders | 4 | 360 | / | 120 |
| Tree of Ages | 1 | 320 | / | 180 |
| Tree of Eternity | 1 | 330 | / | 200 |
| total: | 31 | 5890g | / | 1850w |
| 0:02 | Wisp |
| 0:04 | Altar of Elders |
| 0:09 | Wisp |
| 0:18 | Moon Well |
| 0:22 | Wisp |
| 0:31 | Wisp |
| 0:36 | Wisp |
| 0:48 | Wisp |
| 1:05 | Wisp |
| 1:19 | Wisp |
| 1:26 | Moon Well |
| 1:40 | Wisp |
| 1:58 | Wisp |
| 2:06 | Entangling Roots |
| 2:09 | Wisp |
| 2:29 | Wisp |
| 2:45 | Wisp |
| 2:56 | Wisp |
| 3:08 | Wisp |
| 4:23 | Tree of Ages |
| 5:05 | Moon Well |
| 5:46 | Moon Well |
| 5:49 | Thorns Aura |
| 6:03 | Tree of Life |
| 7:38 | Frost Arrows |
| 8:06 | Tree of Eternity |
| 8:22 | Hunter's Hall |
| 9:04 | Entangling Roots |
| 9:23 | Wisp |
| 9:23 | Wisp |
| 9:23 | Wisp |
| 9:25 | Wisp |
| 9:34 | Scroll of Regeneration |
| 10:18 | Forked Lightning |
| 10:22 | Boots of Speed |
| 10:22 | Staff of Teleportation |
| 10:29 | Wisp |
| 10:31 | Moon Well |
| 10:34 | Well Spring |
| 10:39 | Boots of Speed |
| 11:01 | Scroll of Regeneration |
| 11:10 | Staff of Sanctuary |
| 11:18 | Nature's Blessing |
| 11:36 | Tree of Life |
| 11:59 | Searing Arrows |
| 12:53 | Scroll of Regeneration |
| 12:55 | Staff of Sanctuary |
| 12:58 | Wisp |
| 12:58 | Wisp |
| 13:00 | Ancient of Wonders |
| 13:04 | Ancient of Wonders |
| 13:05 | Ancient of Wonders |
| 13:13 | Lesser Clarity Potion |
| 13:19 | Lesser Clarity Potion |
| 13:36 | Trueshot Aura |
| 13:37 | Frost Arrows |
| 13:52 | Wisp |
| 13:53 | Wisp |
| 13:55 | Moon Well |
| 13:56 | Moon Well |
| 14:28 | Tree of Life |
| 14:31 | Wisp |
| 14:31 | Wisp |
| 14:35 | Moon Well |
| 14:45 | Wisp |
| 14:45 | Wisp |
| 14:49 | Ancient of Wonders |
| 14:57 | Orb of Venom |
| 15:07 | Staff of Sanctuary |
| 15:17 | Moon Well |
| 15:21 | Thorns Aura |
| 15:38 | Boots of Speed |
| 15:39 | Staff of Teleportation |
| 15:48 | Wisp |
| 15:48 | Wisp |
| 15:48 | Wisp |
| 16:00 | Moon Well |
| 16:00 | Moon Well |
| 16:19 | Wisp |
| 16:19 | Wisp |
| 16:22 | Moon Well |
| 16:22 | Moon Well |
| 16:37 | Wisp |
| 16:37 | Wisp |
| 16:37 | Wisp |
| 16:52 | Ultravision |
| 16:57 | Scroll of Regeneration |
| 17:22 | Wisp |
| 17:23 | Wisp |
| 17:41 | Tree of Life |
| 18:11 | Moon Well |
| 18:13 | Moon Well |
| 18:23 | Wisp |
| 18:23 | Wisp |
| 18:36 | Circlet of Nobility |
| 19:11 | Moon Well |
| 19:13 | Moon Well |
| 19:14 | Moon Well |
| 20:10 | Trueshot Aura |
| 21:26 | Forked Lightning |
| 21:54 | Moon Well |
| 21:57 | Moon Well |
| 22:48 | Moon Well |
| 23:16 | Entangling Roots |
| Right click | 1701 |
| Select group | 1302 |
| Assign group | 589 |
| Select | 265 |
| Build/train/purchase | 152 |
| Resource trade | 132 |
| Use ability | 65 |
| Misc. action | 35 |
| Chat | 19 |
| Item give/drop | 7 |
| Minimap ping | 3 |
| Remove unit | 1 |



| Staff of Sanctuary | 3 | 750 |
| Boots of Speed | 3 | 750 |
| Staff of Teleportation | 3 | 450 |
| Periapt of Vitality | 2 | 650 |
| total: | 11 | 2600g |
| Peasant | 12 | 900 | / | 0 |
| Priest | 1 | 135 | / | 10 |
| total: | 13 | 1035g | / | 10w |
| Scout Tower | 144 | 4320 | / | 2880 |
| Arcane Tower | 6 | 420 | / | 300 |
| Guard Tower | 97 | 6790 | / | 4850 |
| Altar of Kings | 1 | 180 | / | 50 |
| Farm | 7 | 560 | / | 140 |
| Lumber Mill | 1 | 120 | / | 0 |
| Arcane Vault | 5 | 650 | / | 150 |
| Blacksmith | 1 | 140 | / | 60 |
| Barracks | 1 | 160 | / | 60 |
| Arcane Sanctum | 1 | 150 | / | 140 |
| Gryphon Aviary | 1 | 140 | / | 150 |
| Keep | 1 | 320 | / | 210 |
| Castle | 1 | 360 | / | 210 |
| total: | 162 | 6420g | / | 3630w |
| 0:01 | Peasant |
| 0:02 | Peasant |
| 0:06 | Altar of Kings |
| 0:18 | Farm |
| 0:27 | Peasant |
| 0:33 | Peasant |
| 0:39 | Peasant |
| 0:39 | Peasant |
| 0:42 | Farm |
| 0:53 | Scout Tower |
| 1:10 | Peasant |
| 1:15 | Lumber Mill |
| 1:16 | Peasant |
| 1:22 | Scout Tower |
| 1:36 | Scout Tower |
| 1:44 | Arcane Tower |
| 1:46 | Scout Tower |
| 1:50 | Arcane Tower |
| 1:55 | Scout Tower |
| 2:00 | Scout Tower |
| 2:08 | Blizzard |
| 2:11 | Scout Tower |
| 2:19 | Scout Tower |
| 2:20 | Guard Tower |
| 2:25 | Peasant |
| 2:25 | Peasant |
| 2:25 | Peasant |
| 2:25 | Peasant |
| 2:27 | Guard Tower |
| 2:30 | Scout Tower |
| 2:30 | Guard Tower |
| 2:41 | Guard Tower |
| 2:51 | Arcane Tower |
| 2:52 | Scout Tower |
| 2:53 | Scout Tower |
| 3:00 | Guard Tower |
| 3:07 | Scout Tower |
| 3:08 | Scout Tower |
| 3:20 | Guard Tower |
| 3:24 | Scout Tower |
| 3:25 | Scout Tower |
| 3:31 | Scout Tower |
| 3:32 | Scout Tower |
| 3:40 | Guard Tower |
| 3:41 | Scout Tower |
| 3:42 | Scout Tower |
| 3:44 | Scout Tower |
| 3:45 | Scout Tower |
| 3:46 | Keep |
| 3:50 | Guard Tower |
| 3:52 | Guard Tower |
| 3:54 | Scout Tower |
| 3:56 | Scout Tower |
| 4:08 | Guard Tower |
| 4:09 | Scout Tower |
| 4:10 | Scout Tower |
| 4:16 | Guard Tower |
| 4:18 | Guard Tower |
| 4:19 | Scout Tower |
| 4:20 | Scout Tower |
| 4:24 | Arcane Tower |
| 4:25 | Boots of Speed |
| 4:25 | Staff of Teleportation |
| 4:36 | Guard Tower |
| 4:40 | Improved Masonry |
| 4:40 | Advanced Masonry |
| 4:49 | Scout Tower |
| 4:51 | Scout Tower |
| 4:52 | Guard Tower |
| 4:53 | Guard Tower |
| 4:57 | Farm |
| 4:58 | Farm |
| 5:08 | Guard Tower |
| 5:08 | Guard Tower |
| 5:10 | Scout Tower |
| 5:11 | Scout Tower |
| 5:14 | Guard Tower |
| 5:20 | Scout Tower |
| 5:21 | Scout Tower |
| 5:24 | Guard Tower |
| 5:25 | Guard Tower |
| 5:28 | Scout Tower |
| 5:28 | Scout Tower |
| 5:29 | Scout Tower |
| 5:30 | Scout Tower |
| 5:40 | Guard Tower |
| 5:43 | Guard Tower |
| 5:50 | Guard Tower |
| 6:03 | Brilliance Aura |
| 6:07 | Guard Tower |
| 6:29 | Imbued Masonry |
| 6:32 | Guard Tower |
| 6:34 | Guard Tower |
| 6:37 | Scout Tower |
| 6:50 | Scout Tower |
| 6:50 | Scout Tower |
| 7:08 | Guard Tower |
| 7:09 | Scout Tower |
| 7:18 | Castle |
| 7:24 | Arcane Vault |
| 7:24 | Arcane Vault |
| 7:27 | Storm Bolt |
| 7:34 | Arcane Vault |
| 7:44 | Arcane Sanctum |
| 8:06 | Guard Tower |
| 8:13 | Arcane Vault |
| 8:17 | Scout Tower |
| 8:19 | Scout Tower |
| 8:37 | Guard Tower |
| 8:44 | Arcane Vault |
| 8:49 | Scout Tower |
| 8:50 | Scout Tower |
| 8:50 | Scout Tower |
| 8:51 | Scout Tower |
| 8:59 | Guard Tower |
| 9:22 | Guard Tower |
| 9:26 | Scout Tower |
| 9:26 | Scout Tower |
| 9:27 | Scout Tower |
| 9:27 | Scout Tower |
| 9:28 | Scout Tower |
| 9:33 | Guard Tower |
| 9:35 | Scout Tower |
| 9:36 | Scout Tower |
| 9:36 | Scout Tower |
| 9:37 | Scout Tower |
| 9:58 | Scout Tower |
| 9:59 | Scout Tower |
| 10:01 | Scout Tower |
| 10:02 | Scout Tower |
| 10:02 | Bash |
| 10:08 | Guard Tower |
| 10:12 | Scout Tower |
| 10:14 | Scout Tower |
| 10:15 | Scout Tower |
| 10:15 | Scout Tower |
| 10:16 | Blizzard |
| 10:26 | Guard Tower |
| 10:31 | Scout Tower |
| 10:32 | Scout Tower |
| 10:32 | Scout Tower |
| 10:33 | Scout Tower |
| 10:34 | Scout Tower |
| 10:34 | Scout Tower |
| 10:35 | Scout Tower |
| 10:35 | Scout Tower |
| 10:37 | Guard Tower |
| 10:39 | Holy Light |
| 10:50 | Staff of Sanctuary |
| 10:52 | Staff of Sanctuary |
| 10:55 | Guard Tower |
| 11:30 | Guard Tower |
| 11:33 | Scout Tower |
| 11:33 | Scout Tower |
| 11:34 | Scout Tower |
| 11:34 | Scout Tower |
| 11:36 | Magic Sentry |
| 11:36 | Priest |
| 12:09 | Guard Tower |
| 12:10 | Guard Tower |
| 12:11 | Guard Tower |
| 12:25 | Guard Tower |
| 12:27 | Scout Tower |
| 12:28 | Scout Tower |
| 12:39 | Staff of Teleportation |
| 12:39 | Boots of Speed |
| 12:43 | Periapt of Vitality |
| 12:59 | Guard Tower |
| 13:00 | Guard Tower |
| 13:12 | Staff of Sanctuary |
| 13:25 | Guard Tower |
| 13:25 | Guard Tower |
| 13:48 | Staff of Teleportation |
| 13:48 | Boots of Speed |
| 13:49 | Periapt of Vitality |
| 14:14 | Arcane Tower |
| 14:15 | Guard Tower |
| 14:20 | Scout Tower |
| 14:20 | Scout Tower |
| 14:21 | Scout Tower |
| 14:21 | Scout Tower |
| 14:21 | Scout Tower |
| 14:22 | Scout Tower |
| 14:22 | Scout Tower |
| 14:23 | Scout Tower |
| 14:28 | Scout Tower |
| 14:29 | Scout Tower |
| 14:29 | Scout Tower |
| 14:30 | Scout Tower |
| 14:30 | Scout Tower |
| 14:30 | Scout Tower |
| 14:31 | Guard Tower |
| 14:32 | Guard Tower |
| 14:35 | Scout Tower |
| 14:36 | Scout Tower |
| 14:36 | Scout Tower |
| 14:37 | Scout Tower |
| 14:37 | Scout Tower |
| 14:39 | Guard Tower |
| 14:56 | Guard Tower |
| 14:57 | Guard Tower |
| 14:59 | Scout Tower |
| 15:00 | Scout Tower |
| 15:00 | Scout Tower |
| 15:00 | Scout Tower |
| 15:01 | Scout Tower |
| 15:02 | Scout Tower |
| 15:02 | Scout Tower |
| 15:03 | Scout Tower |
| 15:04 | Scout Tower |
| 15:25 | Scout Tower |
| 15:25 | Scout Tower |
| 15:26 | Scout Tower |
| 15:26 | Scout Tower |
| 15:27 | Scout Tower |
| 15:27 | Scout Tower |
| 15:28 | Scout Tower |
| 15:28 | Scout Tower |
| 15:31 | Guard Tower |
| 15:52 | Guard Tower |
| 15:55 | Guard Tower |
| 15:56 | Storm Bolt |
| 15:57 | Divine Shield |
| 15:59 | Scout Tower |
| 15:59 | Scout Tower |
| 16:00 | Scout Tower |
| 16:00 | Scout Tower |
| 16:01 | Scout Tower |
| 16:01 | Scout Tower |
| 16:02 | Scout Tower |
| 16:02 | Scout Tower |
| 16:03 | Scout Tower |
| 16:03 | Scout Tower |
| 16:13 | Guard Tower |
| 16:15 | Guard Tower |
| 16:31 | Brilliance Aura |
| 16:37 | Guard Tower |
| 16:39 | Guard Tower |
| 16:46 | Gryphon Aviary |
| 16:47 | Farm |
| 16:47 | Farm |
| 16:49 | Farm |
| 16:51 | Guard Tower |
| 16:53 | Scout Tower |
| 16:54 | Scout Tower |
| 16:54 | Scout Tower |
| 16:55 | Scout Tower |
| 16:58 | Blacksmith |
| 16:59 | Barracks |
| 17:09 | Guard Tower |
| 17:11 | Guard Tower |
| 17:27 | Guard Tower |
| 17:36 | Guard Tower |
| 17:43 | Scout Tower |
| 17:43 | Scout Tower |
| 17:45 | Scout Tower |
| 17:46 | Scout Tower |
| 17:47 | Scout Tower |
| 17:48 | Scout Tower |
| 17:49 | Scout Tower |
| 17:50 | Scout Tower |
| 17:51 | Scout Tower |
| 18:12 | Guard Tower |
| 18:19 | Guard Tower |
| 18:37 | Guard Tower |
| 19:12 | Guard Tower |
| 19:34 | Guard Tower |
| 20:18 | Guard Tower |
| 20:24 | Scout Tower |
| 20:25 | Scout Tower |
| 20:26 | Scout Tower |
| 20:29 | Scout Tower |
| 20:29 | Scout Tower |
| 20:31 | Scout Tower |
| 20:32 | Scout Tower |
| 21:13 | Holy Light |
| 21:56 | Arcane Tower |
| 22:37 | Guard Tower |
| 23:10 | Bash |
| Right click | 1990 |
| Select | 627 |
| Select group | 354 |
| Build/train/purchase | 169 |
| Use ability | 80 |
| Chat | 38 |
| Misc. action | 12 |
| Assign group | 9 |
| Item give/drop | 6 |
| Minimap ping | 5 |
| Esc | 1 |
⇛